[Event "FICS rated blitz game"]
[Site "FICS freechess.org"]
[FICSGamesDBGameNo "20000766"]
[White "MrFeelGood"]
[Black "KarlXII"]
[WhiteElo "2031"]
[BlackElo "2108"]
[WhiteRD "na"]
[BlackRD "na"]
[TimeControl "180+0"]
[Date "1999.06.02"]
[Time "12:15:00"]
[WhiteClock "0:03:00.000"]
[BlackClock "0:03:00.000"]
[ECO "C11"]
[PlyCount "84"]
[Result "0-1"]

1. e4 Nf6 2. Nc3 d5 3. e5 Nfd7 4. d4 e6 5. f4 c5 6. Nf3 Nc6 7. Be3 Qb6 8. Na4 Qa5+ 9. c3 c4 10. b4 cxb3 11. axb3 b5 12. Nc5 Qb6 13. b4 a5 14. Nxd7 Bxd7 15. bxa5 Rxa5 16. Bd3 Be7 17. O-O O-O 18. Qb3 Rb8 19. Qc2 b4 20. Bxh7+ Kf8 21. Bd3 b3 22. Qb2 Rba8 23. Rxa5 Nxa5 24. Ra1 Rb8 25. Nd2 Bb5 26. Bxb5 Qxb5 27. Rb1 Nc4 28. Nxc4 dxc4 29. Ra1 Qd5 30. Kf2 g6 31. Ra4 Ra8 32. Rxa8+ Qxa8 33. Bc1 Qe4 34. Qe2 Qb1 35. Qb2 Qf5 36. h3 g5 37. g4 Qe4 38. fxg5 Qh1 39. Kg3 Qg1+ 40. Kh4 Qe1+ 41. Kh5 Kg7 42. h4 Qe4 {White resigns} 0-1

[Event "FICS rated blitz game"]
[Site "FICS freechess.org"]
[FICSGamesDBGameNo "20000765"]
[White "TARZZZ"]
[Black "nnb"]
[WhiteElo "1724"]
[BlackElo "1587"]
[WhiteRD "na"]
[BlackRD "na"]
[TimeControl "120+10"]
[Date "1999.06.02"]
[Time "11:01:00"]
[WhiteClock "0:02:00.000"]
[BlackClock "0:02:00.000"]
[ECO "A27"]
[PlyCount "157"]
[Result "1/2-1/2"]

1. c4 e5 2. Nc3 Nc6 3. Nf3 Bc5 4. e3 a6 5. d4 exd4 6. exd4 Bb4 7. Bd3 d6 8. O-O Bg4 9. Re1+ Nge7 10. Bg5 f6 11. Bd2 Nxd4 12. Qa4+ Nc6 13. Rxe7+ Kxe7 14. Nd5+ Kf7 15. Bxb4 Bxf3 16. gxf3 b5 17. cxb5 axb5 18. Qd1 Re8 19. Bc3 Rb8 20. a3 Ne5 21. Bxe5 Rxe5 22. Nc3 c6 23. Qf1 Qd7 24. Ne4 d5 25. Ng3 c5 26. Re1 c4 27. Rxe5 fxe5 28. Bf5 Qd6 29. Qh3 Qh6 30. Qxh6 gxh6 31. Kf1 Kg7 32. Ke2 d4 33. Kd2 b4 34. axb4 Rxb4 35. Kc1 Rb3 36. Be4 c3 37. bxc3 Rxc3+ 38. Kd2 Kf6 39. Ne2 Ra3 40. Bxh7 Rxf3 41. Ke1 d3 42. Nc1 Rxf2 43. Nxd3 Rf3 44. Ke2 Rh3 45. Kf2 Rxh2+ 46. Kg3 Rd2 47. Kg4 Re2 48. Nc5 Rc2 49. Ne4+ Kg7 50. Bf5 Rc4 51. Kh5 Ra4 52. Kg4 Ra1 53. Kh5 Rh1+ 54. Kg4 h5+ 55. Kg3 h4+ 56. Kg2 Ra1 57. Kh3 Rf1 58. Bg4 Rf4 59. Ng5 e4 60. Ne6+ Kf6 61. Nxf4 Kg5 62. Ne6+ Kf6 63. Kxh4 e3 64. Nf4 Ke5 65. Kg3 Ke4 66. Bf3+ Kd4 67. Bb7 Kc3 68. Kf3 Kd2 69. Bc6 e2 70. Nxe2 Kd3 71. Bd5 Kd2 72. Be4 Ke1 73. Ke3 Kd1 74. Nc3+ Ke1 75. Bc6 Kf1 76. Kf3 Ke1 77. Ke3 Kf1 78. Bd5 Ke1 79. Bg2 {Game drawn by stalemate} 1/2-1/2

[Event "FICS rated blitz game"]
[Site "FICS freechess.org"]
[FICSGamesDBGameNo "20000764"]
[White "bishopking"]
[Black "Ares"]
[WhiteElo "2136"]
[BlackElo "2194"]
[WhiteRD "na"]
[BlackRD "na"]
[TimeControl "180+0"]
[Date "1999.06.02"]
[Time "10:17:00"]
[WhiteClock "0:03:00.000"]
[BlackClock "0:03:00.000"]
[ECO "C12"]
[PlyCount "132"]
[Result "0-1"]

1. e4 e6 2. d4 d5 3. Nc3 Nf6 4. Bg5 Bb4 5. e5 h6 6. Bd2 Bxc3 7. Bxc3 Ne4 8. Ne2 c5 9. dxc5 Nc6 10. Bd4 Qa5+ 11. c3 Nxd4 12. Qxd4 Qxc5 13. Qxc5 Nxc5 14. Nd4 Bd7 15. O-O-O O-O 16. Bd3 a6 17. Bc2 b5 18. Rhe1 a5 19. Kb1 b4 20. Re3 Rfb8 21. cxb4 Rxb4 22. Nb3 Na6 23. Rc3 a4 24. Nd4 Rab8 25. b3 axb3 26. Nxb3 g6 27. Ka1 Ba4 28. g3 Kg7 29. f4 R4b6 30. Rd4 Nb4 31. Bd1 Ra8 32. Kb2 Bd7 33. a3 Na6 34. Ka2 Ba4 35. Rxa4 Nb4+ 36. Rxb4 Rxb4 37. Rc7 Re4 38. Bc2 Re2 39. Kb2 Rxh2 40. Nc5 Rg2 41. Nxe6+ Kg8 42. Nc5 Rxg3 43. a4 d4 44. Rd7 Rb8+ 45. Ka2 Rc3 46. Bb3 Rxc5 47. Rxd4 Rc3 48. Bd5 Ra8 49. Bb3 h5 50. Rd7 Rf8 51. a5 Rc6 52. Ba4 Ra6 53. Rd5 h4 54. Bd7 h3 55. Bxh3 Rfa8 56. Kb3 Rxa5 57. Rd7 R5a7 58. Rd6 Rb8+ 59. Kc4 Ra4+ 60. Kd5 Rxf4 61. Rd7 Rb1 62. e6 Rd1+ 63. Kc5 Rxd7 64. exd7 Rh4 65. d8=Q+ Kg7 66. Qxh4 f6 {White forfeits on time} 0-1

[Event "FICS rated blitz game"]
[Site "FICS freechess.org"]
[FICSGamesDBGameNo "20000763"]
[White "artfil"]
[Black "OrangOetan"]
[WhiteElo "1681"]
[BlackElo "1628"]
[WhiteRD "na"]
[BlackRD "na"]
[TimeControl "180+0"]
[Date "1999.06.02"]
[Time "08:40:00"]
[WhiteClock "0:03:00.000"]
[BlackClock "0:03:00.000"]
[ECO "B01"]
[PlyCount "138"]
[Result "0-1"]

1. e4 d5 2. exd5 Qxd5 3. Nc3 Qa5 4. d4 c6 5. Nf3 Nf6 6. Be2 Bg4 7. h3 Bh5 8. Bf4 e6 9. O-O Nbd7 10. Re1 Be7 11. Ne5 Nxe5 12. Bxh5 O-O-O 13. dxe5 Rxd1 14. Rexd1 Nxh5 15. Bh2 g6 16. Ne4 Rd8 17. Nd6+ Bxd6 18. exd6 Nf6 19. d7+ Rxd7 20. Rxd7 Nxd7 21. Rd1 Qxa2 22. Bf4 Qxb2 23. c4 e5 24. Be3 Kc7 25. Bxa7 b6 26. c5 Kb7 27. cxb6 Nxb6 28. Bxb6 Kxb6 29. Rd7 Qb3 30. Kf1 c5 31. Rd8 c4 32. Rb8+ Kc5 33. Rc8+ Kd4 34. Rd8+ Ke4 35. Ke2 c3 36. Rc8 c2 37. Kd2 Qb4+ 38. Kxc2 Qa4+ 39. Kd2 Qa5+ 40. Kc2 Qa2+ 41. Kd1 Qxf2 42. Rc7 h5 43. Rc4+ Kf5 44. Rc7 f6 45. g4+ hxg4 46. hxg4+ Kxg4 47. Rc4+ Kf5 48. Rc2 Qf1+ 49. Kd2 Qf2+ 50. Kd3 Qxc2+ 51. Kxc2 e4 52. Kd1 Kf4 53. Ke2 g5 54. Kf2 e3+ 55. Ke2 Ke4 56. Ke1 Kf3 57. Kf1 f5 58. Ke1 f4 59. Kf1 e2+ 60. Ke1 g4 61. Kd2 Kf2 62. Kd3 e1=Q 63. Kd4 Qd1+ 64. Ke5 f3 65. Kf5 g3 66. Kf4 g2 67. Kf5 g1=Q 68. Kf4 Qd4+ 69. Kf5 Qgg4# {White checkmated} 0-1

[Event "FICS rated blitz game"]
[Site "FICS freechess.org"]
[FICSGamesDBGameNo "20000762"]
[White "ddp"]
[Black "HooK"]
[WhiteElo "1559"]
[BlackElo "1615"]
[WhiteRD "na"]
[BlackRD "na"]
[TimeControl "180+0"]
[Date "1999.06.02"]
[Time "08:25:00"]
[WhiteClock "0:03:00.000"]
[BlackClock "0:03:00.000"]
[ECO "C00"]
[PlyCount "58"]
[Result "0-1"]

1. e4 e6 2. e5 d5 3. exd6 Bxd6 4. d4 Nf6 5. Ne2 Nbd7 6. Bf4 O-O 7. Nd2 b6 8. Bxd6 cxd6 9. f3 Bb7 10. c3 Nd5 11. Ng3 Ne3 12. Qe2 Nxf1 13. Qxf1 Nf6 14. Qe2 Qc8 15. O-O Ba6 16. c4 b5 17. Rfc1 bxc4 18. Nxc4 d5 19. b3 dxc4 20. bxc4 Qd7 21. Qe3 Rac8 22. c5 Rfd8 23. Rd1 Nd5 24. Qf2 Qa4 25. Ne2 Bxe2 26. Qxe2 Nc3 27. Qd2 Nxd1 28. Rxd1 Rxc5 29. Qc3 Rxc3 {White resigns} 0-1

[Event "FICS rated blitz game"]
[Site "FICS freechess.org"]
[FICSGamesDBGameNo "20000761"]
[White "hrs"]
[Black "PushKid"]
[WhiteElo "1115"]
[BlackElo "1059"]
[WhiteRD "na"]
[BlackRD "na"]
[TimeControl "180+12"]
[Date "1999.06.02"]
[Time "06:45:00"]
[WhiteClock "0:03:00.000"]
[BlackClock "0:03:00.000"]
[ECO "C20"]
[PlyCount "109"]
[Result "1-0"]

1. e4 e5 2. Qf3 Nc6 3. Nh3 Nf6 4. d3 Bc5 5. Bg5 Be7 6. Bxf6 Bxf6 7. d4 Nxd4 8. Qd1 O-O 9. c3 Nc6 10. Nd2 d6 11. f4 Bxh3 12. gxh3 Bh4+ 13. Ke2 exf4 14. Nf3 Bf6 15. Kf2 Ne5 16. Bg2 Qd7 17. Nd4 g6 18. h4 Bxh4+ 19. Kg1 Qg4 20. Qxg4 Nxg4 21. Nf3 Bf6 22. h3 Ne3 23. h4 h5 24. Ne1 Nxg2 25. Nxg2 Be5 26. Ne1 Rae8 27. Nd3 b6 28. Rf1 Re6 29. Nb4 f3 30. Rxf3 Bf6 31. Kf1 Bg7 32. Nd5 Re5 33. Nxc7 Rxe4 34. Kg2 Rc8 35. Nb5 Re2+ 36. Rf2 Rce8 37. Nxd6 Rxf2+ 38. Kxf2 Re6 39. Nb5 Re5 40. Nxa7 Rf5+ 41. Kg2 Be5 42. Nc6 Bf6 43. Rd1 Bxh4 44. Kh3 Bf6 45. Rd3 g5 46. b4 g4+ 47. Kg3 Bg5 48. a4 Rf4 49. a5 bxa5 50. bxa5 h4+ 51. Kg2 h3+ 52. Kg3 Bh4+ 53. Kxf4 h2 54. Rd1 g3 55. Kf3 {Black resigns} 1-0

[Event "FICS rated blitz game"]
[Site "FICS freechess.org"]
[FICSGamesDBGameNo "20000760"]
[White "bshutt"]
[Black "buniy"]
[WhiteElo "1362"]
[BlackElo "1259"]
[WhiteRD "na"]
[BlackRD "na"]
[TimeControl "180+3"]
[Date "1999.06.01"]
[Time "23:13:00"]
[WhiteClock "0:03:00.000"]
[BlackClock "0:03:00.000"]
[ECO "B35"]
[PlyCount "112"]
[Result "0-1"]

1. e4 c5 2. Nf3 Nc6 3. Nc3 g6 4. d4 cxd4 5. Nxd4 Bg7 6. Be3 Qa5 7. Bc4 Nf6 8. O-O e6 9. Ndb5 O-O 10. Nd6 Ne5 11. Bb3 Qc7 12. f4 Nc6 13. e5 Ne8 14. Ncb5 Qd8 15. c4 a6 16. Nxe8 Rxe8 17. Nd6 Rf8 18. c5 f6 19. Bc4 fxe5 20. fxe5 Bxe5 21. Qg4 Bxd6 22. cxd6 Ne5 23. Qe2 Nxc4 24. Qxc4 b5 25. Qc7 Qxc7 26. dxc7 Bb7 27. Bc5 Rxf1+ 28. Rxf1 Rc8 29. Bd6 Bc6 30. Rf8+ Rxf8 31. Bxf8 Bb7 32. Bd6 Kf7 33. g4 Kf6 34. h4 h6 35. Kf2 e5 36. Ke3 Ke6 37. Bb4 Kd5 38. Ba5 Kc6 39. b4 d6 40. Ke4 Bc8 41. Ke3 Bxg4 42. Ke4 Bc8 43. Ke3 Kd7 44. a3 Ke6 45. Ke4 d5+ 46. Ke3 Kf5 47. Bb6 Kg4 48. Bc5 Kxh4 49. Bd6 e4 50. Be5 g5 51. Kd4 g4 52. Kxd5 g3 53. Bxg3+ Kxg3 54. Kxe4 h5 55. Ke3 h4 56. Ke2 Kg2 {White resigns} 0-1

[Event "FICS rated standard game"]
[Site "FICS freechess.org"]
[FICSGamesDBGameNo "20000759"]
[White "StevenD"]
[Black "Barnabas"]
[WhiteElo "1550"]
[BlackElo "1492"]
[WhiteRD "na"]
[BlackRD "na"]
[TimeControl "1800+30"]
[Date "1999.06.01"]
[Time "22:44:00"]
[WhiteClock "0:30:00.000"]
[BlackClock "0:30:00.000"]
[ECO "B23"]
[PlyCount "83"]
[Result "1-0"]

1. e4 c5 2. Nc3 d6 3. g3 g6 4. Bg2 Bg7 5. Nf3 f5 6. d3 Nf6 7. O-O O-O 8. Nd5 Be6 9. Nxf6+ Bxf6 10. exf5 Bxf5 11. Nd2 Nc6 12. Ne4 b5 13. Ng5 Qd7 14. Re1 Rae8 15. Bd5+ e6 16. Bg2 e5 17. h4 Nd4 18. c3 Ne6 19. Nxe6 Qxe6 20. b3 Bg4 21. Qc2 Bh3 22. c4 b4 23. Bd5 Qxd5 24. cxd5 Bf5 25. a3 a5 26. axb4 axb4 27. Bh6 Rf7 28. Ra6 Rd7 29. f3 Rdd8 30. g4 Bd7 31. Rxd6 e4 32. Rxe4 Rxe4 33. dxe4 Bc3 34. Qa2 Kf7 35. Bg5 Rf8 36. Qa7 Kg8 37. Rxd7 Rxf3 38. Rxh7 Bd4+ 39. Kg2 Rf2+ 40. Kg3 Rf8 41. Bh6 Be5+ 42. Kg2 {Black resigns} 1-0

[Event "FICS rated blitz game"]
[Site "FICS freechess.org"]
[FICSGamesDBGameNo "20000758"]
[White "Calx"]
[Black "Looper"]
[WhiteElo "1509"]
[BlackElo "1393"]
[WhiteRD "na"]
[BlackRD "na"]
[TimeControl "180+0"]
[Date "1999.06.01"]
[Time "21:02:00"]
[WhiteClock "0:03:00.000"]
[BlackClock "0:03:00.000"]
[ECO "B01"]
[PlyCount "32"]
[Result "1-0"]

1. e4 d5 2. exd5 Nf6 3. d4 Nxd5 4. Nc3 Nxc3 5. bxc3 Qd5 6. Nf3 Bg4 7. Be2 Qe4 8. O-O e6 9. h3 Bh5 10. Re1 Bd6 11. c4 Qf5 12. c5 Be7 13. g4 Qg6 14. Nh4 Qg5 15. Bxg5 Bxg5 16. gxh5 Bxh4 {Black resigns} 1-0

[Event "FICS rated blitz game"]
[Site "FICS freechess.org"]
[FICSGamesDBGameNo "20000757"]
[White "bral"]
[Black "jrt"]
[WhiteElo "2043"]
[BlackElo "1986"]
[WhiteRD "na"]
[BlackRD "na"]
[TimeControl "180+0"]
[Date "1999.06.01"]
[Time "20:25:00"]
[WhiteClock "0:03:00.000"]
[BlackClock "0:03:00.000"]
[ECO "C49"]
[PlyCount "74"]
[Result "0-1"]

1. e4 e5 2. Nc3 Nf6 3. Nf3 Nc6 4. Bb5 Bb4 5. O-O O-O 6. Re1 d6 7. d4 exd4 8. Nxd4 Nxd4 9. Qxd4 Bc5 10. Qd3 Ng4 11. Re2 Qh4 12. Qg3 Qxg3 13. hxg3 f5 14. Bc4+ Kh8 15. Bd2 c6 16. Bd3 b5 17. Rf1 Ne5 18. Be3 Bb4 19. f3 Nxd3 20. cxd3 a6 21. Rc1 Bd7 22. Nd1 c5 23. Nf2 Rae8 24. d4 c4 25. b3 Rc8 26. bxc4 bxc4 27. Rb1 a5 28. Nd1 c3 29. Rc1 fxe4 30. fxe4 Ba4 31. a3 Bb5 32. Rf2 Rxf2 33. Bxf2 Bxa3 34. Rxc3 Rxc3 35. Nxc3 Bc4 36. e5 dxe5 37. dxe5 Bb4 {White resigns} 0-1

[Event "FICS rated blitz game"]
[Site "FICS freechess.org"]
[FICSGamesDBGameNo "20000756"]
[White "DTower"]
[Black "special"]
[WhiteElo "1588"]
[BlackElo "1539"]
[WhiteRD "na"]
[BlackRD "na"]
[TimeControl "120+12"]
[Date "1999.06.01"]
[Time "19:16:00"]
[WhiteClock "0:02:00.000"]
[BlackClock "0:02:00.000"]
[ECO "B01"]
[PlyCount "100"]
[Result "1-0"]

1. e4 d5 2. exd5 Nf6 3. c4 c6 4. dxc6 Nxc6 5. Nf3 e5 6. Nc3 e4 7. Ng5 Bf5 8. f3 e3 9. dxe3 Qxd1+ 10. Nxd1 h6 11. e4 Bd7 12. Nh3 Bb4+ 13. Bd2 O-O-O 14. Nc3 Nd4 15. O-O-O Bxh3 16. gxh3 Nxf3 17. Bg2 Nxd2 18. Rxd2 Rxd2 19. Kxd2 Re8 20. Re1 Nd7 21. a3 Be7 22. Nd5 Bg5+ 23. Kc2 Ne5 24. b3 b6 25. Rf1 Kd7 26. Bf3 h5 27. Bxh5 g6 28. Bg4+ Kd6 29. Rd1 Kc5 30. Rf1 b5 31. cxb5 Kxb5 32. Be2+ Kc5 33. Rg1 Bd8 34. b4+ Kd4 35. Nc3 Be7 36. Rd1+ Ke3 37. Nd5+ Kxe4 38. Bb5 Rc8+ 39. Kb3 Bf8 40. Nf6+ Kf5 41. Rf1+ Ke6 42. Ng4 Bg7 43. Nxe5 Bxe5 44. Bc4+ Kd6 45. Rxf7 Bxh2 46. Rxa7 Rh8 47. Ra6+ Ke5 48. Be6 Kd4 49. Bg4 g5 50. a4 Rc8 {Black resigns} 1-0

[Event "FICS rated blitz game"]
[Site "FICS freechess.org"]
[FICSGamesDBGameNo "20000755"]
[White "Benfica"]
[Black "albedo"]
[WhiteElo "1691"]
[BlackElo "1765"]
[WhiteRD "na"]
[BlackRD "na"]
[TimeControl "180+0"]
[Date "1999.06.01"]
[Time "18:08:00"]
[WhiteClock "0:03:00.000"]
[BlackClock "0:03:00.000"]
[ECO "C09"]
[PlyCount "107"]
[Result "1-0"]

1. e4 e6 2. d4 d5 3. Nd2 c5 4. exd5 exd5 5. Bb5+ Nc6 6. Ngf3 Bd6 7. dxc5 Bxc5 8. O-O Ne7 9. Nb3 Bb6 10. Bg5 O-O 11. Bxc6 bxc6 12. Re1 f6 13. Be3 Bg4 14. Qe2 Qc7 15. Bxb6 axb6 16. Qxe7 Qf4 17. Qe3 Qc7 18. h3 Bh5 19. Nbd4 Rfe8 20. Qc3 c5 21. Nb5 Qd7 22. a4 d4 23. Rxe8+ Rxe8 24. Qc4+ Bf7 25. Qd3 Bd5 26. Re1 Qc6 27. Rxe8+ Qxe8 28. Qf5 Qc6 29. Nc7 g6 30. Qxd5+ Qxd5 31. Nxd5 Kf7 32. Nxb6 Ke6 33. a5 Kd6 34. a6 Kc6 35. Na4 h5 36. Kf1 g5 37. Ke2 g4 38. hxg4 hxg4 39. Nxd4+ cxd4 40. Kd3 f5 41. Kxd4 f4 42. Ke5 g3 43. fxg3 f3 44. gxf3 Kb5 45. g4 Kxa6 46. g5 Kb5 47. g6 Kc6 48. g7 Kb5 49. g8=Q Kc6 50. Qd8 Kb7 51. Kd5 Ka6 52. Qb8 Ka5 53. Kc4 Ka6 54. Qb6# {Black checkmated} 1-0

[Event "FICS rated blitz game"]
[Site "FICS freechess.org"]
[FICSGamesDBGameNo "20000754"]
[White "Troglodyte"]
[Black "Spezi"]
[WhiteElo "1532"]
[BlackElo "1834"]
[WhiteRD "na"]
[BlackRD "na"]
[TimeControl "180+0"]
[Date "1999.06.01"]
[Time "14:38:00"]
[WhiteClock "0:03:00.000"]
[BlackClock "0:03:00.000"]
[ECO "B16"]
[PlyCount "68"]
[Result "0-1"]

1. e4 c6 2. d4 d5 3. Nc3 dxe4 4. Nxe4 Nf6 5. Nxf6+ gxf6 6. Be3 Bf5 7. Nf3 e6 8. Nh4 Bg6 9. Nxg6 hxg6 10. Bd3 Bd6 11. h3 Nd7 12. Qe2 f5 13. O-O-O Qc7 14. Kb1 O-O-O 15. Ka1 Kb8 16. c4 Nf6 17. Bg5 Be7 18. Bc2 Nh5 19. Bxe7 Qxe7 20. d5 Nf4 21. Qe5+ Qc7 22. d6 Qb6 23. Qxf4 Rd7 24. Qe3 Qa5 25. c5 Rhd8 26. Qe5 b6 27. Qc3 Qxc3 28. bxc3 bxc5 29. Rb1+ Kc8 30. Rhd1 Rxd6 31. Rb8+ Kxb8 32. Rxd6 Rxd6 33. Kb2 Rd2 34. Kb3 Rxf2 {White resigns} 0-1

[Event "FICS rated blitz game"]
[Site "FICS freechess.org"]
[FICSGamesDBGameNo "20000753"]
[White "cilya"]
[Black "hkkoeln"]
[WhiteElo "1550"]
[BlackElo "1464"]
[WhiteRD "na"]
[BlackRD "na"]
[TimeControl "300+0"]
[Date "1999.06.01"]
[Time "11:43:00"]
[WhiteClock "0:05:00.000"]
[BlackClock "0:05:00.000"]
[ECO "C21"]
[PlyCount "109"]
[Result "1-0"]

1. e4 e5 2. d4 exd4 3. c3 Nc6 4. Bc4 d6 5. Nf3 Nf6 6. Nxd4 Nxd4 7. Qxd4 Be7 8. Bg5 O-O 9. O-O Bd7 10. e5 dxe5 11. Qxe5 Bc6 12. Nd2 h6 13. Bh4 Qxd2 14. Qxc7 Bd6 15. Qa5 Qf4 16. Bg3 Qd2 17. Bxd6 Qxd6 18. Rad1 Qf4 19. Rd4 Qg5 20. Qxg5 hxg5 21. Rfd1 Rae8 22. h3 Ne4 23. Kf1 Nc5 24. Bd5 Bxd5 25. Rxd5 Ne6 26. Rd7 Nc5 27. b4 Ne4 28. Rc7 Rc8 29. Re7 Nxc3 30. Rdd7 Nxa2 31. Rxb7 Rc1+ 32. Ke2 Nc3+ 33. Kd2 Nd5 34. Red7 Rf1 35. Ke2 Nf6 36. Kxf1 Nxd7 37. Rxd7 Rb8 38. Rxa7 Rxb4 39. Kg1 Rb1+ 40. Kh2 Rb2 41. Kg3 f6 42. f3 Kh7 43. Re7 Rb3 44. Rf7 Ra3 45. Rd7 Rb3 46. Rd4 Kg6 47. h4 gxh4+ 48. Rxh4 Rb5 49. Rg4+ Rg5 50. Kh4 Rxg4+ 51. Kxg4 f5+ 52. Kf4 Kf6 53. g3 g5+ 54. Ke3 Ke5 55. Kd3 {Black forfeits on time} 1-0

[Event "FICS rated blitz game"]
[Site "FICS freechess.org"]
[FICSGamesDBGameNo "20000752"]
[White "pacip"]
[Black "Fin"]
[WhiteElo "1716"]
[BlackElo "1690"]
[WhiteRD "na"]
[BlackRD "na"]
[TimeControl "240+0"]
[Date "1999.06.01"]
[Time "10:59:00"]
[WhiteClock "0:04:00.000"]
[BlackClock "0:04:00.000"]
[ECO "A48"]
[PlyCount "98"]
[Result "0-1"]

1. d4 Nf6 2. Nf3 g6 3. Bf4 Bg7 4. e3 O-O 5. h3 Re8 6. Be2 d6 7. O-O Nbd7 8. c3 e5 9. dxe5 dxe5 10. Bg3 c6 11. Nbd2 Nc5 12. Bc4 Be6 13. Bxe6 Nxe6 14. Nxe5 Nh5 15. Nec4 Nxg3 16. fxg3 Nc5 17. Qf3 Rf8 18. Rad1 Qc7 19. Ne4 Nxe4 20. Qxe4 Rae8 21. Qf3 Qe7 22. Rfe1 Bh6 23. h4 Qc5 24. b3 b5 25. Nd6 Rxe3 26. Rxe3 Qxe3+ 27. Qxe3 Bxe3+ 28. Kf1 Bb6 29. Ke2 f5 30. g4 fxg4 31. Ne4 Re8 32. Kd3 Kg7 33. Rf1 Rd8+ 34. Kc2 h5 35. Ng5 Rd7 36. Ne6+ Kh6 37. Rf8 Rh7 38. Ng5 Re7 39. Rh8+ Kg7 40. Rh7+ Kf6 41. Rxe7 Kxe7 42. Kd3 a5 43. Ke4 Bf2 44. Kd3 Bxh4 45. Ne4 Bf6 46. g3 g5 47. c4 h4 48. cxb5 cxb5 49. Ke3 h3 {White forfeits on time} 0-1

[Event "FICS rated blitz game"]
[Site "FICS freechess.org"]
[FICSGamesDBGameNo "20000751"]
[White "EagleFly"]
[Black "Sanders"]
[WhiteElo "2061"]
[BlackElo "1864"]
[WhiteRD "na"]
[BlackRD "na"]
[TimeControl "180+0"]
[Date "1999.05.30"]
[Time "17:34:00"]
[WhiteClock "0:03:00.000"]
[BlackClock "0:03:00.000"]
[ECO "B12"]
[PlyCount "128"]
[Result "0-1"]

1. e4 c6 2. d4 d5 3. e5 Bf5 4. Bd3 Bxd3 5. Qxd3 e6 6. Ne2 Qb6 7. O-O c5 8. c3 Nc6 9. Kh1 h6 10. f4 Nge7 11. Nd2 cxd4 12. Nf3 dxc3 13. Nxc3 h5 14. Be3 Qa5 15. Rac1 Nf5 16. Bf2 a6 17. a3 Be7 18. Rfd1 O-O 19. Ne2 Rac8 20. b4 Qd8 21. Bc5 Bxc5 22. Rxc5 Nce7 23. Rdc1 Rxc5 24. bxc5 Qd7 25. Ned4 Rc8 26. Qb3 Nxd4 27. Nxd4 Nc6 28. Nf3 Ne7 29. Qb6 Nf5 30. Rb1 Qc6 31. Qxb7 Qxb7 32. Rxb7 Rxc5 33. g3 f6 34. exf6 gxf6 35. Rb6 Rc3 36. Nh4 Nxh4 37. gxh4 Rxa3 38. Rxe6 Kf7 39. f5 d4 40. Rd6 Ra4 41. Rd7+ Ke8 42. Rd5 a5 43. Kg2 d3 44. Rxd3 Rxh4 45. Rd5 a4 46. Ra5 Rf4 47. Kg3 Rg4+ 48. Kf3 Kd7 49. h3 Rh4 50. Kg3 Rd4 51. Ra6 Kc7 52. Kf3 Kb7 53. Rxf6 a3 54. Rf7+ Kb6 55. Rf8 Ra4 56. Rb8+ Kc7 57. Rb1 a2 58. Ra1 Kd6 59. h4 Ke5 60. Ke3 Kxf5 61. Kd3 Kg4 62. Kc2 Kxh4 63. Kb3 Ra8 64. Rh1+ Kg3 {White forfeits on time} 0-1

[Event "FICS rated lightning game"]
[Site "FICS freechess.org"]
[FICSGamesDBGameNo "20000750"]
[White "Fantomen"]
[Black "Ulisse"]
[WhiteElo "1874"]
[BlackElo "1856"]
[WhiteRD "na"]
[BlackRD "na"]
[TimeControl "120+0"]
[Date "1999.05.30"]
[Time "17:06:00"]
[WhiteClock "0:02:00.000"]
[BlackClock "0:02:00.000"]
[ECO "C11"]
[PlyCount "68"]
[Result "0-1"]

1. e4 e6 2. d4 d5 3. Nc3 dxe4 4. Nxe4 Nf6 5. Bg5 Nbd7 6. Nf3 Be7 7. Bxf6 Nxf6 8. Bd3 c6 9. O-O Qa5 10. c4 O-O 11. Re1 Qh5 12. Qe2 Nxe4 13. Qxe4 g6 14. Ne5 f6 15. Nf3 Bd6 16. g3 Bd7 17. a3 Rae8 18. b4 e5 19. dxe5 Bg4 20. Qd4 Bxe5 21. Nxe5 fxe5 22. Qe3 Rf3 23. Qd2 Rd8 24. Re3 Rf6 25. Rae1 Rfd6 26. Qc3 Bf3 27. Rxe5 Rxd3 28. Re8+ Rxe8 29. Rxe8+ Kf7 30. Qxd3 Kxe8 31. Qe3+ Kd7 32. h4 Qf5 33. Qxa7 Qb1+ 34. Kh2 Qh1# {White checkmated} 0-1

[Event "FICS rated blitz game"]
[Site "FICS freechess.org"]
[FICSGamesDBGameNo "20000749"]
[White "Schachinsky"]
[Black "Rhand"]
[WhiteElo "1732"]
[BlackElo "1657"]
[WhiteRD "na"]
[BlackRD "na"]
[TimeControl "300+0"]
[Date "1999.05.30"]
[Time "15:33:00"]
[WhiteClock "0:05:00.000"]
[BlackClock "0:05:00.000"]
[ECO "D64"]
[PlyCount "71"]
[Result "0-1"]

1. d4 d5 2. c4 c6 3. Nc3 Nf6 4. Bg5 e6 5. Nf3 Be7 6. e3 O-O 7. Qc2 Nbd7 8. Rc1 b6 9. Ne5 Bb7 10. cxd5 exd5 11. Bd3 h6 12. Nxd7 Nxd7 13. Bf4 Nf6 14. O-O Bd6 15. Ne2 Re8 16. Rfe1 Rc8 17. Bf5 Ra8 18. a3 Bxf4 19. Nxf4 Ne4 20. f3 Nd6 21. Bh7+ Kh8 22. e4 dxe4 23. fxe4 Qf6 24. e5 Qxf4 25. exd6 Qxd4+ 26. Kh1 Qxd6 27. Rf1 Qe6 28. Bf5 Qe7 29. Qf2 c5 30. Bh3 f6 31. Rce1 Qd6 32. Bf5 Qc6 33. Qg3 Rxe1 34. Rxe1 Re8 35. Rf1 g5 36. h4 {White resigns} 0-1

[Event "FICS rated blitz game"]
[Site "FICS freechess.org"]
[FICSGamesDBGameNo "20000748"]
[White "Cortez"]
[Black "humnap"]
[WhiteElo "1011"]
[BlackElo "1028"]
[WhiteRD "na"]
[BlackRD "na"]
[TimeControl "480+8"]
[Date "1999.05.30"]
[Time "14:54:00"]
[WhiteClock "0:08:00.000"]
[BlackClock "0:08:00.000"]
[ECO "D02"]
[PlyCount "102"]
[Result "0-1"]

1. Nf3 d5 2. d4 e6 3. e3 Nc6 4. Be2 a6 5. c3 Nh6 6. h3 Be7 7. b4 b5 8. Na3 Rb8 9. Bd2 O-O 10. O-O Qd6 11. Bd3 f5 12. Qc2 Bd7 13. Rae1 Rf7 14. g3 Rbf8 15. c4 Nxb4 16. cxb5 Nxc2 17. Bxc2 Bxb5 18. Nxb5 axb5 19. Rb1 c6 20. Bb4 Qd7 21. Ne5 Qa7 22. Nxf7 Rxf7 23. Bxe7 Rxe7 24. Rb2 Nf7 25. h4 Nd6 26. Ra1 Nc4 27. Rb4 Qa5 28. Rb3 Nd2 29. Rb2 Nf3+ 30. Kg2 Ne1+ 31. Kh3 Nxc2 32. Rxc2 Rc7 33. Rc5 g6 34. a4 Qa6 35. Rb1 bxa4 36. Rb8+ Rc8 37. Rxc8+ Qxc8 38. Ra5 Qb7 39. Rxa4 Qb8 40. Ra6 Qb7 41. Ra5 Kg7 42. f3 Qb6 43. Ra4 Kf6 44. g4 fxg4+ 45. Kxg4 e5 46. dxe5+ Kxe5 47. f4+ Kf6 48. Ra3 h5+ 49. Kf3 d4 50. exd4 Qxd4 51. Ra5 Qc3+ {White resigns} 0-1

[Event "FICS rated lightning game"]
[Site "FICS freechess.org"]
[FICSGamesDBGameNo "20000746"]
[White "xnogu"]
[Black "AngelicUpstarts"]
[WhiteElo "1952"]
[BlackElo "1795"]
[WhiteRD "na"]
[BlackRD "na"]
[TimeControl "60+0"]
[Date "1999.05.30"]
[Time "14:21:00"]
[WhiteClock "0:01:00.000"]
[BlackClock "0:01:00.000"]
[ECO "D35"]
[PlyCount "55"]
[Result "1-0"]

1. e3 Nf6 2. c4 d5 3. d4 e6 4. Nc3 c5 5. cxd5 exd5 6. dxc5 Bxc5 7. Bd3 O-O 8. Nf3 Nc6 9. O-O d4 10. exd4 Nxd4 11. Nxd4 Bxd4 12. Bg5 Bxc3 13. bxc3 h6 14. Bh4 Kh8 15. Qf3 Rb8 16. Rad1 b6 17. Bc2 Qe7 18. Rfe1 Be6 19. Qd3 g5 20. Bg3 Rbd8 21. Qe3 Rxd1 22. Rxd1 Kg7 23. Be5 Bxa2 24. h4 gxh4 25. Qf4 Re8 26. Bd4 Be6 27. Qxh4 a5 28. Rd3 {Black forfeits on time} 1-0

[Event "FICS rated blitz game"]
[Site "FICS freechess.org"]
[FICSGamesDBGameNo "20000745"]
[White "zeta"]
[Black "Vard"]
[WhiteElo "1785"]
[BlackElo "1646"]
[WhiteRD "na"]
[BlackRD "na"]
[TimeControl "180+0"]
[Date "1999.05.30"]
[Time "13:53:00"]
[WhiteClock "0:03:00.000"]
[BlackClock "0:03:00.000"]
[ECO "B00"]
[PlyCount "86"]
[Result "0-1"]

1. e4 b6 2. Nf3 Bb7 3. Nc3 e6 4. d4 Nc6 5. Bb5 Nce7 6. O-O Ng6 7. Be3 Nf6 8. Qd2 Bxe4 9. Nxe4 Nxe4 10. Qd3 Nd6 11. Ba4 Be7 12. c4 a6 13. c5 Nf5 14. c6 O-O 15. cxd7 Bd6 16. Bc6 Rb8 17. Qxa6 Ngh4 18. Nxh4 Qxh4 19. g3 Qh3 20. Qe2 h5 21. Rad1 Bxg3 22. fxg3 h4 23. Rxf5 Qxf5 24. Bf4 b5 25. Bxc7 hxg3 26. Bxg3 Rb6 27. Be4 Qg5 28. d5 f5 29. dxe6 Rxe6 30. Bd5 f4 31. Bxe6+ Kh7 32. Qe4+ g6 33. Bh3 fxg3 34. hxg3 Qxg3+ 35. Bg2 Qf2+ 36. Kh1 Rf4 37. Qe7+ Kh6 38. Qd8 Rh4+ 39. Qxh4+ Qxh4+ 40. Kg1 Qd8 41. Bc6 g5 42. Bxb5 Kh5 43. Be2+ Kh4 {White forfeits on time} 0-1